Map: Ruins of Seras

Players

CaptRaynor - Winner!

  • Race: Protoss Protoss
  • League: Bronze

killeryong

  • Race: Terran Terran
  • League: Gold

VOD

Have the link to the VOD?

Description

Time

  • Played on: March 2, 2016, 11:34 p.m.
  • Length: 10:04
Show
View Real Time Build Order
Export as new Build Order

CaptRaynor Protoss - Winner!

Build Orders:  

Get SALT Encoding   

  12  0:01  Probe (Chrono Boost)  
  13  0:12  Probe (Chrono Boost)  
  14  0:22  Probe (Chrono Boost)  
  14  0:24  Pylon  
  15  0:42  Probe (Chrono Boost)  
  16  0:46  Assimilator  
  16  0:50  Gateway  
  16  0:53  Probe (Chrono Boost)  
  17  1:03  Probe (Chrono Boost)  
  18  1:14  Probe (Chrono Boost)  
  19  1:26  Probe (Chrono Boost)  
  19  1:28  Pylon  
  19  1:29  Assimilator  
  20  1:39  Cybernetics Core  
  20  1:43  Zealot  
  20  1:44  Probe (Chrono Boost)  
  23  1:59  Probe (Chrono Boost)  
  24  2:15  Warp Gate (Chrono Boost)  
  24  2:20  Gateway  
  24  2:25  Robotics Facility  
  24  2:27  Adept (Chrono Boost)  
  24  2:29  Probe  
  27  2:46  Pylon  
  27  2:55  Twilight Council  
  28  3:00  Mothership Core  
  30  3:13  Observer  
  30  3:27  Nexus  
  30  3:30  Probe  
  31  3:35  Pylon  
  31  3:44  Probe  
  32  3:52  Charge (Chrono Boost)  
  32  3:57  Probe  
  32  4:18  Probe  
  32  4:21  Immortal  
  37  4:29  Gateway  
  37  4:30  Probe  
  38  4:35  Adept  
  40  4:42  Probe  
  40  4:43  Probe  
  42  4:57  Probe  
  42  4:59  Probe  
  44  5:03  Immortal (Chrono Boost)  
  48  5:13  Probe  
  48  5:14  Probe, Forge  
  50  5:21  Zealot  
  52  5:34  Probe  
  52  5:35  Probe  
  52  5:37  Warp Prism (Chrono Boost)  
  56  5:46  Gateway  
  56  5:47  Protoss Ground Weapons Level 1 (Chrono Boost)  
  56  5:53  Probe x2  
  56  5:56  Zealot x2  
  62  6:03  Pylon  
  62  6:04  Pylon  
  62  6:07  Pylon  
  62  6:26  Immortal  
  66  6:36  Probe x2  
  66  6:38  Assimilator  
  68  6:43  Gateway  
  68  6:44  Pylon  
  68  6:46  Pylon  
  68  7:00  Immortal  
  68  7:01  Zealot x2  
  68  7:02  Zealot x2  
  80  7:11  Probe x2  
  81  7:29  Protoss Ground Weapons Level 2 (Chrono Boost)  
  81  7:35  Pylon  
  81  7:37  Pylon  
  81  7:41  Zealot  
  81  7:42  Zealot x4  
  91  7:51  Observer  
  91  7:57  Resonating Glaives  
  92  8:04  Probe x2  
  94  8:06  Assimilator  
  94  8:09  Zealot x3  
  94  8:10  Pylon, Zealot x2  
  104  8:18  Immortal  
  108  8:39  Adept x3  
  114  8:41  Nexus  
  114  8:42  Pylon  
  114  8:52  Immortal  
  114  8:53  Zealot x2  
  121  9:14  Zealot x2  
  121  9:15  Zealot x3  
Show
View Real Time Build Order
Export as new Build Order

killeryong Terran 

Build Orders: Reaper Expand, MMM Bio 

Get SALT Encoding   

  12  0:01  SCV  
  13  0:13  SCV  
  14  0:18  Supply Depot  
  14  0:25  SCV  
  15  0:41  Barracks  
  15  0:43  Refinery  
  15  0:47  SCV  
  16  0:59  SCV  
  17  1:11  SCV  
  18  1:28  Orbital Command  
  18  1:29  Reaper  
  19  1:36  Refinery  
  19  1:55  Command Center  
  19  2:00  SCV  
  20  2:08  Marine  
  20  2:16  SCV  
  21  2:23  Supply Depot  
  21  2:30  Factory  
  21  2:35  Barracks Reactor  
  21  2:37  Supply Depot  
  21  2:43  SCV  
  22  3:05  Engineering Bay  
  22  3:07  SCV  
  22  3:10  Orbital Command  
  23  3:19  Marine x2  
  26  3:20  SCV  
  26  3:30  Factory Tech Lab  
  26  3:33  Missile Turret  
  26  3:46  SCV  
  26  3:48  SCV, Siege Tank  
  28  3:49  Marine  
  28  3:50  Marine  
  33  3:58  SCV  
  34  4:07  Marine  
  34  4:08  Barracks  
  35  4:14  Barracks  
  34  4:20  Orbital Command  
  34  4:25  Marine  
  34  4:27  Marine  
  36  4:36  Cyclone  
  39  4:39  SCV  
  39  4:43  Marine  
  41  4:50  Missile Turret  
  41  4:52  SCV x2  
  43  5:04  SCV x2, Marine x2  
  43  5:06  Bunker  
  47  5:07  Barracks Tech Lab  
  47  5:09  Refinery  
  47  5:11  Barracks Tech Lab  
  47  5:16  SCV  
  47  5:19  SCV  
  49  5:22  Refinery  
  49  5:26  Siege Tank  
  52  5:31  SCV  
  53  5:38  Missile Turret  
  53  5:43  SCV, Missile Turret  
  53  5:45  Concussive Shells, Missile Turret  
  54  6:12  Starport  
  54  6:19  Supply Depot  
  54  6:22  Supply Depot  
  54  6:24  Stimpack  
  54  6:38  Barracks  
  54  6:40  Widow Mine, Marauder, SCV, Marine  
  54  6:41  Marauder, Barracks  
  54  6:43  SCV, Marine  
  64  6:52  SCV  
  65  6:54  Medivac  
  65  6:59  Combat Shields  
  67  7:02  Marauder  
  67  7:03  Engineering Bay  
  67  7:04  Terran Infantry Weapons Level 1  
  69  7:09  SCV  
  70  7:17  Missile Turret  
  70  7:31  Barracks Reactor  
  70  7:32  Barracks Tech Lab  
  70  7:39  Ghost Academy  
  70  7:47  Supply Depot  
  70  7:49  Supply Depot  
  70  8:04  Bunker  
  70  8:08  Marine x3, Medivac  
  70  8:09  Marauder, SCV  
  70  8:11  SCV, Marine x2  
  81  8:21  SCV  
  81  8:26  Marine  
  85  8:27  Marauder  
  85  8:31  Marine  
  85  8:32  Bunker  
  86  8:39  Command Center  
  86  8:56  Supply Depot  
  86  9:09  SCV  
  86  9:14  Marauder  
  86  9:17  Marine  
  86  9:18  Marauder x2  
  66  9:24  Marine x2  
  66  9:31  Marine  
  52  9:35  Marine  
  52  9:36  Marauder  
  40  9:40  Marauder x2  
  40  9:42  Marine  
  44  9:45  Marine  
Tags
 
Add a new tag
Caveats
  • Supply blocks, unpowered buildings, or Contaminate may cause inaccurate times.
  • Supply counts are checked every 10 seconds.